 Dungeon Crawl Stone Soup version 0.21-a0-297-ga3d34c2 (webtiles) character file.

16 Ijustatesigmund the Shield-Bearer (level 2, -12/24 HPs)
             Began as a Formicid Fighter on Sept 28, 2017.
             Mangled by Terence
             ... wielding a +2 falchion of electrocution
              (19 damage)
             ... on level 1 of the Dungeon.
             The game lasted 00:01:08 (367 turns).

Ijustatesigmund the Shield-Bearer (Formicid Fighter) Turns: 367, Time: 00:01:10

Health: -12/24     AC:  6    Str: 20    XL:     2   Next: 70%
Magic:  2/2        EV:  7    Int:  7    God:
Gold:   46         SH:  9    Dex: 10    Spells: 1/1 levels left

rFire    . . .     SeeInvis +   a - +0 quarterstaff
rCold    . . .     Gourm    .   c - +0 shield
rNeg     . . .     Faith    .   b - +0 scale mail
rPois    .         Spirit   .   (helmet unavailable)
rElec    .         Reflect  .   (no cloak)
rCorr    .         Harm     .   (no gloves)
MR       .....                  (no boots)
Stlth    +.........             (no amulet)
HPRegen  0.08/turn              h - ring of stealth
MPRegen  0.08/turn              (no ring)

@: no status effects
A: permanent stasis, dig shafts and tunnels, four strong arms, antennae 3
a: Dig, Shaft Self


You were on level 1 of the Dungeon.
You were not hungry.

You visited 1 branch of the dungeon, and saw 2 of its levels.

You collected 46 gold pieces.

Inventory:

Hand Weapons
 a - a +0 quarterstaff (weapon)
Armour
 b - a +0 scale mail (worn)
 c - a +0 shield (worn)
Jewellery
 h - a ring of stealth (left hand)
Scrolls
 e - a scroll of blinking {unknown}
Potions
 d - a potion of might
Comestibles
 f - a bread ration
 g - a meat ration


   Skills:
 + Level 3.4 Fighting
 * Level 2.9 Staves
 - Level 3.2 Armour
 - Level 3.6 Shields


You had one spell level left.
You didn't know any spells.

Dungeon Overview and Level Annotations

Branches:
Dungeon (2/15)

Altars:

Annotations:
D:1 Terence


Innate Abilities, Weirdness & Mutations

You cannot be hasted, slowed, berserked, paralysed or teleported.
You can dig through walls and to a lower floor.
Your four strong arms can wield two-handed weapons with a shield.
You have a pair of large antennae on your head. (SInv)


Message History

You block Terence's attack.
You are too injured to fight recklessly!
You are too injured to fight recklessly!
You are too injured to fight recklessly!
You are too injured to fight recklessly!
You are too injured to fight recklessly!
You are too injured to fight recklessly!
You are too injured to fight recklessly!
You are too injured to fight recklessly!
You are too injured to fight recklessly!
You hit Terence.
Terence is lightly wounded.
You block Terence's attack.
You hit Terence but do no damage.
Terence is lightly wounded.
Terence hits you with a falchion of electrocution.
* * * LOW HITPOINT WARNING * * *
You are electrocuted!
Ouch! That really hurt!
You die...

#.......###### #.......##....
#.......##.... ####
#######.......##.... ...#
###....)........##.... ...#
#...#####.......##.... ...#
###..######............. ...#
#####....##.@...............
######........##@#.#########.....
..........###....#.#########.....
..##........................())..
.............##..#.######..†.....
..##.........##....# ##.........
.............##..#.# #..........
...##............#.# #..........
.#...........##..#.####..........
#####........##................##


You could see Terence.

Vanquished Creatures
  A dart slug (D:1)
  A leopard gecko (D:1)
  3 goblins
  2 hobgoblins (D:1)
  2 bats (D:1)
  A frilled lizard (D:1)
  A kobold (D:1)
  A rat (D:1)
12 creatures vanquished.

Notes
Turn   | Place    | Note
-------+----------+-------------------------------------------
     0 | D:1      | Ijustatesigmund the Formicid Fighter began the quest for the Orb.
     0 | D:1      | Reached XP level 1. HP: 18/18 MP: 1/1
   182 | D:1      | Reached XP level 2. HP: 24/24 MP: 2/2
   359 | D:2      | Noticed Terence
   367 | D:1      | Mangled by Terence

Vault maps used:
D:1:      lightli_arrival_quake, corexii_leaking_fountain
D:2:      grunt_temple_overflow_opulence, uniq_sigmund, uniq_terence

Action                   || total
-------------------------++-------
Melee: Quarterstaff      ||    32
Armor: Scale mail        ||    14
Dodge: Dodged            ||     6
Block: Shield            ||    13

Table legend:
 A = Spawn XP
 B = Non-spawn XP
 C = Spawn XP percentage of total XP
 D = Spawn monster count
 E = Non-spawn monster count
 F = Spawn count percentage of total count
 G = Total turns spent on level
                    A         B        C        D         E        F      G
               +---------+---------+-------+---------+---------+-------+---------
         Total |       0 |      23 |   0.0 |       0 |      12 |   0.0 |   367
               +---------+---------+-------+---------+---------+-------+---------
           D:1 |       0 |      21 |   0.0 |       0 |      11 |   0.0 |   363
           D:2 |       0 |       2 |   0.0 |       0 |       1 |   0.0 |     4
               +---------+---------+-------+---------+---------+-------+---------
